 Dungeon Crawl Stone Soup version 0.23.2-40-g277498a001 (webtiles) character file.

Game seed: 17377843370890270248

15 Kisurie the Vexing (level 2, -1/27 HPs)
             Began as a Troll Arcane Marksman on Oct 2, 2019.
             Slain by a leopard gecko (3 damage)
             ... on level 1 of the Dungeon.
             The game lasted 00:06:14 (463 turns).

Kisurie the Vexing (Troll Arcane Marksman)           Turns: 463, Time: 00:06:15

Health: -1/27      AC:  6    Str: 17    XL:     2   Next: 34%
Magic:  2/2        EV: 10    Int:  9    God:
Gold:   25         SH:  0    Dex: 10    Spells: 2/3 levels left

rFire    . . .     SeeInvis .   a - +0 shortbow
rCold    . . .     Gourm    +   (shield currently unavailable)
rNeg     . . .     Faith    .   e - +0 robe
rPois    .         Spirit   .   (helmet restricted)
rElec    .         Reflect  .   (no cloak)
rCorr    .         Harm     .   (gloves unavailable)
MR       .....                  (boots unavailable)
Stlth    +.........             (no amulet)
HPRegen  0.49/turn              (no ring)
MPRegen  0.08/turn              (no ring)

@: no status effects
A: large, unfitting armour, claws 3, fast metabolism 3, gourmand, regeneration
1, shaggy fur 1, tough skin 3
a: no special abilities


You were on level 1 of the Dungeon.
You were hungry.

You visited 1 branch of the dungeon, and saw 1 of its levels.

You collected 25 gold pieces.

Inventory:

Hand Weapons
 a - a +0 shortbow (weapon)
Armour
 e - a +0 robe (worn)
Scrolls
 b - a scroll of remove curse {unknown}
 c - 3 scrolls of identify {unknown}
 h - 2 scrolls of teleportation {unknown}
 i - a scroll of immolation {unknown}
 j - a scroll of magic mapping {unknown}
Potions
 g - a potion of agility {unknown}
Comestibles
 f - 2 rations


   Skills:
 + Level 1.0 Fighting
 + Level 1.5 Bows
 + Level 1.6 Dodging
 * Level 0.2 Stealth
 - Level 1.0 Spellcasting
 - Level 2.1 Hexes


You had 2 spell levels left.
You knew the following spells:

 Your Spells              Type           Power        Failure   Level  Hunger
a - Corona                Hex            #......      16%         1    ##.....

Your spell library contained the following spells:

 Spells                   Type           Power        Failure   Level  Hunger
 Slow                     Hex            #.......     24%         2    ###....
 Inner Flame              Hex/Fire       #.......     58%         3    ####...
 Portal Projectile        Hex/Tloc       #.....       58%         3    ####...
 Cause Fear               Hex            #.........   83%         4    #####..
 Leda's Liquefaction      Hex/Erth       #.........   94%         4    #####..


Dungeon Overview and Level Annotations

Branches:
Dungeon (1/15)

Altars:


Innate Abilities, Weirdness & Mutations

You are too large for most types of armour.
You have claws for hands.
Your metabolism is lightning-fast.
You like to eat raw meat.
Your natural rate of healing is unusually fast.
You are covered in fur. (AC +1)
You have extremely tough skin. (AC +3)


Message History

* * * LOW HITPOINT WARNING * * *
The leopard gecko barely misses you.
You clumsily bash the leopard gecko but do no damage.
The leopard gecko bites you but does no damage.
The leopard gecko bites you.
* * * LOW HITPOINT WARNING * * *
You clumsily bash the leopard gecko but do no damage.
The leopard gecko closely misses you.
You clumsily bash the leopard gecko but do no damage.
The leopard gecko bites you but does no damage.
The leopard gecko completely misses you.
Unknown command.
You clumsily bash the leopard gecko but do no damage.
The leopard gecko barely misses you. x2
You clumsily bash the leopard gecko but do no damage.
The leopard gecko bites you but does no damage.
The leopard gecko closely misses you.
Unknown command.
You barely miss the leopard gecko. The leopard gecko bites you.
* * * LOW HITPOINT WARNING * * *
The leopard gecko bites you but does no damage.
You clumsily bash the leopard gecko but do no damage.
The leopard gecko bites you.
* * * LOW HITPOINT WARNING * * *
You closely miss the leopard gecko.
The leopard gecko bites you but does no damage. x2
You closely miss the leopard gecko.
The leopard gecko bites you but does no damage. x2
You closely miss the leopard gecko.
The leopard gecko bites you but does no damage. x2
You clumsily bash the leopard gecko but do no damage.
The leopard gecko bites you.
* * * LOW HITPOINT WARNING * * *
The leopard gecko bites you.
* * * LOW HITPOINT WARNING * * *
You closely miss the leopard gecko. The leopard gecko bites you.
* * * LOW HITPOINT WARNING * * *
You clumsily bash the leopard gecko but do no damage.
The leopard gecko bites you.
* * * LOW HITPOINT WARNING * * *
The leopard gecko bites you but does no damage.
You closely miss the leopard gecko. The leopard gecko bites you.
* * * LOW HITPOINT WARNING * * *
The leopard gecko bites you but does no damage.
You clumsily bash the leopard gecko but do no damage.
The leopard gecko closely misses you. The leopard gecko bites you.
* * * LOW HITPOINT WARNING * * *
You completely miss the leopard gecko. The leopard gecko barely misses you.
The leopard gecko bites you.
You die...

.......... ......# #....#
#.....# ########....#
####.....#
.##†........###........
.##.#>........#.....# #
.##.#.#.##.##.......# ..#
.#....#.##.###.†....##....#
...........................
#....##.....##..@l.#(#.....
#....##.....##..##.#(# .#.
#....##[#.[........#.#
#....##.###........#..
#....# .###.......##..
..... #....##.#...#####+.
.(# ...... #...........#
#.# ...... ............#
...... ............# ......


You could see a leopard gecko.

Vanquished Creatures
  3 goblins (D:1)
  3 hobgoblins (D:1)
  3 bats (D:1)
  A frilled lizard (D:1)
  A kobold (D:1)
  5 rats (D:1)
16 creatures vanquished.

Notes
Turn   | Place    | Note
-------+----------+-------------------------------------------
     0 | D:1      | Kisurie the Troll Arcane Marksman began the quest for the
                  | Orb.
     0 | D:1      | Reached XP level 1. HP: 18/18 MP: 1/1
   146 | D:1      | Reached skill level 1 in Fighting
   255 | D:1      | Reached XP level 2. HP: 27/27 MP: 2/2
   462 | D:1      | HP: 1/27 [leopard gecko (3)]
   463 | D:1      | Slain by a leopard gecko

Skill      XL: |  1 |
---------------+----+-----
Fighting       | 1 |  1.0
Bows           | |  1.5
Dodging        | |  1.6
Stealth        | |  0.2
Spellcasting   | |  1.0
Hexes          | |  2.1

Action                   || total
-------------------------++-------
Melee: Shortbow          ||    61
 Fire: Shortbow          ||    54
  Eat: Chunk             ||     1
Armor: Robe              ||    51
Dodge: Dodged            ||    55
